 Dungeon Crawl Stone Soup version 0.27-a0-1136-g0b992a5a9d (webtiles) character file.

Game seed: 6134681715876023187

9188 1player the Blocker (level 11, -2/89 HPs)
             Began as a Red Draconian Abyssal Knight on May 5, 2021.
             Was an Elder of Lugonu.
             Killed by divine providence
             ... invoked by an orc priest
              (9 damage)
             ... on level 10 of the Dungeon.
             The game lasted 00:32:02 (15072 turns).

1player the Blocker (Red Draconian Abyssal Knight) Turns: 15072, Time: 00:32:02

Health: -2/89      AC: 10    Str: 15    XL:     11   Next: 19%
Magic:  13/17      EV: 13    Int: 19    God:    Lugonu [****..]
Gold:   466        SH: 12    Dex: 13    Spells: 10/10 levels left

rFire    + . .     SeeInvis .   b - +3 trident (venom)
rCold    . . .     Faith    .   w - +0 kite shield
rNeg     . . .     Spirit   .   (armour unavailable)
rPois    .         Reflect  .   k - +1 hat
rElec    .         Harm     .   f - +0 cloak
rCorr    .         Rampage  .   p - +0 pair of gloves
Will     .....                  (no boots)
Stlth    +++.......             (no amulet)
HPRegen  0.24/turn              y - +6 ring of intelligence
MPRegen  0.15/turn              E - ring of wizardry

@: studying Stealth
A: breathe fire, AC +7, unfitting armour, fire resistance 1, cold-blooded
a: Breathe Fire, Renounce Religion, Depart the Abyss, Bend Space, Banish,
Corrupt


You were on level 10 of the Dungeon.
You worshipped Lugonu.
Lugonu was greatly pleased with you.
You visited 1 branch of the dungeon, and saw 10 of its levels.
You visited the Abyss 1 time.

You collected 592 gold pieces.
You spent 126 gold pieces at shops.

Inventory:

Hand Weapons
 a - a +2 dagger of speed
 b - a +3 trident of venom (weapon)
 i - a +1 spear
Missiles
 h - 66 poisoned darts (quivered)
 o - 5 boomerangs of dispersal
 q - 6 silver javelins
 F - 6 atropa-tipped darts
 O - a curare-tipped dart
Armour
 f - a +0 cloak (worn)
 k - a +1 hat (worn)
 p - a +0 pair of gloves (worn)
 w - a +0 kite shield (worn)
Jewellery
 y - a +6 ring of intelligence (left hand)
 E - a ring of wizardry (right hand)
 I - a ring of wizardry
Wands
 g - a wand of digging (4)
 x - a wand of paralysis (4)
 B - a wand of mindburst (9)
 P - a wand of flame (18)
Scrolls
 j - 3 scrolls of teleportation
 C - a scroll of acquirement
 G - a scroll of enchant weapon
 N - a scroll of vulnerability {unknown}
Potions
 c - 2 potions of attraction
 e - 3 potions of curing {@q1}
 m - a potion of degeneration {unknown}
 n - a potion of cancellation
 s - a potion of mutation {!q}
 t - a potion of flight {unknown}
 z - a potion of berserk rage
 A - a potion of heal wounds {unknown}
 K - a potion of ambrosia


   Skills:
 - Level 6.0 Fighting
 - Level 6.0 Polearms
 - Level 4.6 Dodging
 + Level 6.7 Stealth
 - Level 12.0 Shields
 - Level 9.0 Invocations


You had 10 spell levels left.
You didn't know any spells.
Your spell library contained the following spells:

 Spells                   Type           Power      Damage    Failure   Level
 Animate Skeleton         Necr           0%         N/A       12%         1
 Apportation              Tloc           0%         N/A       12%         1
 Corona                   Hex            0%         N/A       12%         1
 Summon Small Mammal      Summ           0%         N/A       12%         1
 Summon Forest            Summ/Tloc      0%         N/A       96%         5
 Summon Mana Viper        Hex/Summ       0%         N/A       96%         5
 Shadow Creatures         Summ           N/A        N/A       100%        6
 Summon Hydra             Summ           0%         N/A       100%        7


Dungeon Overview and Level Annotations

Branches:
Dungeon (10/15)            Temple (0/1) D:5             Orc (0/2) D:10
   Lair: D:8-11

Altars:
Fedhas
Makhleb
Qazlal
Sif Muna
Trog
Vehumet
Wu Jian
Xom
Zin
The Shining One

Shops:
D:4 *

Portals:
Trove: D:10 (give +5 demon whip)

Annotations:
D:4 exclusion: steam dragon
D:5 2 transporters, qborf's ghost, novice TrEE
D:7 1 runed translucent door, PanSaczeczos's ghost, novice DEEE
D:8 2 transporters, t4s4d4r's ghost, novice DjCj
Abyss:1 Gastronok


Innate Abilities, Weirdness & Mutations

You can breathe blasts of fire.
Your fiery red scales are hard. (AC +7)
You cannot fit into any form of body armour.
Your flesh is heat resistant. (rF+)
You are cold-blooded and may be slowed by cold attacks.


Message History

Press: ? - help, Q - select action, (/) - cycle Shift-Dir - straight line, f/p - two-headed ogre
Aim: a two-headed ogre, wielding two +0 giant clubs (75% to hit)
You throw a poisoned dart.
The poisoned dart hits the two-headed ogre.
The two-headed ogre is poisoned.
Throw: 67 darts (poison)
Press: ? - help, Q - select action, (/) - cycle Shift-Dir - straight line, p - two-headed ogre
Okay, then.
The two-headed ogre looks more healthy.
You puncture the two-headed ogre! You tail-slap the two-headed ogre.
The two-headed ogre is heavily wounded.
The two-headed ogre hits you with a +0 giant club!!
You block the two-headed ogre's attack.
Throw: 67 darts (poison)
Press: ? - help, Q - select action, (/) - cycle Shift-Dir - straight line, f/p - two-headed ogre
Aim: a two-headed ogre, wielding two +0 giant clubs (moderately wounded, 75% to hit)
You throw a poisoned dart.
The poisoned dart hits the two-headed ogre.
The two-headed ogre is poisoned.
The two-headed ogre is moderately wounded.
The two-headed ogre hits you with a +0 giant club!
The two-headed ogre completely misses you.
There is a portal to a secret trove of treasure here.
Press: ? - help, Shift-Dir - straight line, f/p - two-headed ogre
Aim: a two-headed ogre, wielding two +0 giant clubs (heavily wounded, poisoned, chance to affect: 73%)
The two-headed ogre struggles to resist.
The two-headed ogre hits you with a +0 giant club!!
* * * LOW HITPOINT WARNING * * *
The two-headed ogre hits you with a +0 giant club!
* * * LOW HITPOINT WARNING * * *
Okay, then.
Okay, then.
Okay, then.
Okay, then.
You feel better.
The two-headed ogre looks more healthy.
You have got your breath back.
Space bends around you!
You blink.
The orc priest mumbles some strange prayers to Beogh against you.
Beogh smites you!
You die...

##### ###### ....# #....# .)..#
##o##O## ####### ....###
###...#..# #.....#
..<.')###...∩....# #.....###
....#).)).#...#.@#####
#.<...'.#
....####..##.##..)((.####.....#
....#
#####.(...###)..##...).###
##### #.....# #......)......
#_._# ####+## #...).........
#...# #.........##.. #...#
#.....O..)##.. ##'##
#....##....... ...#
#....##.......


You could see a two-headed ogre and an orc priest.

Vanquished Creatures
  Joseph (D:10)
  A troll (D:7)
  Grinder (D:4)
  A wyvern (D:7)
  9 yaks
  A warg (D:7)
  A water moccasin (D:7)
  5 orc warriors
  A sky beast (D:7)
  7 ogres
  2 ice beasts
  A necrophage (D:8)
  4 centaurs
  2 phantoms
  2 kobold brigands
  3 bullfrogs
  3 gnoll sergeants
  2 wyvern zombies
  2 scorpions
  3 killer bees
  10 wights
  8 howler monkeys (D:7)
  A crimson imp (D:10)
  A bullfrog zombie (D:6)
  2 centaur zombies
  8 hounds
  14 orc priests
  2 gnoll shamans (D:7)
  2 iguanas
  15 orc wizards
  5 killer bee zombies
  2 howler monkey zombies
  4 adders
  21 gnolls
  2 shadow imps
  A white imp (D:7)
  2 ufetubi
  An adder skeleton (D:4)
  2 worms
  A dart slug (D:4)
  47 orcs
  4 ball pythons
  3 endoplasms
  A giant cockroach (D:2)
  2 goblins (D:2)
  2 hobgoblins (D:1)
  4 jackals (D:2)
  A quokka (D:5)
  6 bats
  A frilled lizard (D:3)
  7 kobolds
  2 rats
236 creatures vanquished.

Vanquished Creatures (others)
  2 orc wizards
  3 bushes (D:8)
  6 plants (D:7)
11 creatures vanquished.

Grand Total: 247 creatures vanquished

Notes
Turn   | Place    | Note
-------+----------+-------------------------------------------
     0 | Abyss:1  | 1player the Draconian Abyssal Knight began the quest for
                  | the Orb.
     0 | Abyss:1  | Reached XP level 1. HP: 19/19 MP: 2/2
    52 | D:1      | Escaped the Abyss
   695 | D:1      | Reached XP level 2. HP: 26/26 MP: 3/3
  1039 | D:1      | Reached * piety under Lugonu
  1259 | D:2      | Reached XP level 3. HP: 33/33 MP: 4/4
  1626 | D:3      | Found a faded altar of an unknown god.
  1857 | D:3      | Found a glowing golden altar of the Shining One.
  1897 | D:3      | Reached XP level 4. HP: 25/41 MP: 5/5
  2372 | D:3      | Reached XP level 5. HP: 42/47 MP: 6/6
  2605 | D:3      | Found a glowing silver altar of Zin.
  2822 | D:3      | Found a shimmering blue altar of Sif Muna.
  2831 | D:3      | Found a radiant altar of Vehumet.
  2943 | D:3      | Reached skill level 5 in Fighting
  3098 | D:4      | Noticed a steam dragon
  3293 | D:3      | Reached ** piety under Lugonu
  3520 | D:4      | Found Qykopn's General Store.
  3528 | D:4      | Bought a scroll of identify for 28 gold pieces
  3528 | D:4      | Bought a potion of curing for 42 gold pieces
  3528 | D:4      | Bought a potion of might for 56 gold pieces
  3721 | D:4      | Reached XP level 6. HP: 57/57 MP: 7/7
  3729 | D:4      | Noticed Grinder
  4021 | D:5      | Entered Level 5 of the Dungeon
  4026 | D:5      | Found a staircase to the Ecumenical Temple.
  4068 | D:4      | Paralysed by Grinder for 3 turns
  4072 | D:4      | Killed Grinder
  4073 | D:4      | Reached skill level 3 in Shields
  4073 | D:4      | Your scales start taking on a fiery red colour.
  4073 | D:4      | Reached XP level 7. HP: 32/63 MP: 8/8
  4073 | D:4      | Gained mutation: Your flesh is heat resistant. (rF+) [Red
                  | Draconian growth]
  4336 | D:5      | Reached skill level 4 in Shields
  4677 | D:5      | Reached skill level 5 in Shields
  4757 | D:5      | Found a transporter.
  4761 | D:5      | Found a transporter.
  4761 | D:5      | Noticed a hornet
  4761 | D:5      | Noticed qborf's ghost (novice TrEE)
  5462 | D:5      | Reached XP level 8. HP: 70/70 MP: 9/9
  5549 | D:6      | Reached skill level 6 in Shields
  5986 | D:6      | Reached *** piety under Lugonu
  6725 | D:7      | Reached skill level 7 in Shields
  6922 | D:7      | Reached skill level 5 in Polearms
  7059 | D:7      | Found a runed translucent door.
  7059 | D:7      | Noticed PanSaczeczos's ghost (novice DEEE)
  7635 | D:7      | Reached XP level 9. HP: 75/75 MP: 10/10
  7684 | D:7      | Reached skill level 8 in Shields
  8020 | D:7      | Reached skill level 9 in Shields
  8207 | D:7      | Reached **** piety under Lugonu
  8226 | D:7      | Reached skill level 5 in Invocations
  9144 | D:7      | Noticed a troll
  9213 | D:7      | Killed a troll
  9227 | D:7      | Reached XP level 10. HP: 25/83 MP: 11/16
 10501 | D:8      | Identified a scroll of acquirement
 10785 | D:8      | Found a transporter.
 10789 | D:8      | Found a transporter.
 10792 | D:8      | Found a bloodstained altar of Trog.
 10914 | D:8      | Noticed a tengu warrior
 10914 | D:8      | Noticed t4s4d4r's ghost (novice DjCj)
 10967 | D:8      | Noticed a moth of wrath
 11218 | D:8      | Found a blossoming altar of Fedhas.
 11218 | D:8      | Found a stormy altar of Qazlal.
 11218 | D:8      | Found an ornate altar of the Wu Jian Council.
 12281 | D:8      | Reached skill level 10 in Shields
 13302 | D:8      | Reached skill level 11 in Shields
 13583 | D:10     | Entered Level 10 of the Dungeon
 13722 | D:10     | Found a burning altar of Makhleb.
 13733 | D:10     | Found a shimmering altar of Xom.
 13778 | D:10     | Noticed Gastronok
 13801 | D:10     | Banished Gastronok
 13802 | D:10     | Reached skill level 12 in Shields
 13802 | D:10     | Reached XP level 11. HP: 87/89 MP: 4/17
 14153 | D:9      | Reached skill level 5 in Stealth
 14305 | D:10     | Noticed Joseph
 14329 | D:10     | Killed Joseph
 14553 | D:10     | Found a portal to a secret trove of treasure.
 15035 | D:10     | Found a staircase to the Orcish Mines.
 15036 | D:10     | Noticed a two-headed ogre
 15064 | D:10     | HP: 1/89 [two-headed ogre/+0 giant club (11)]
 15072 | D:10     | Killed from afar by an orc priest

Illustrated notes

Levels and vault maps discovered:
D:1:      dpeg_arrival_tiny_f, layout_loops_ring
D:2:      layout_rooms, chequers_serial_rivers_micro_a
D:3:      layout_rooms, general_overflow_altar, lemuel_tele_altar,
          amethyst_overflow_temple_binary, basic_ecumenical_altar,
          kennysheep_nub, serial_bayou_pond_c
D:4:      layout_basic, serial_shops, shop_fountains, uniq_grinder
D:5:      layout_basic, minmay_temple_entry_slanted, gammafunk_ghost_hive
D:6:      layout_rooms
D:7:      lemuel_castle_with_subvaults [lemuel_castle_interior_carwin_1],
          layout_layer_cave, hellmonk_ghost_happy_afterlife
D:8:      layout_loops_cross, gammafunk_temple_overflow_forgotten,
          gammafunk_ghost_wrathful_warriors, minmay_manual_macuahuitl
D:9:      layout_rooms
D:10:     layout_roguey [special_room_orc],
          grunt_temple_overflow_champion_of_chaos, erik_orc_4,
          nicolae_trove_entry_crossroad, uniq_joseph, uniq_gastronok

Skill      XL: |  1  2  3  4  5  6  7  8  9 10 11 |
---------------+----------------------------------+-----
Fighting       | 4 5 6 |  6.0
Dodging        | 3 4 |  4.6
Shields        | 3 5 7 9 12 | 12.0
Polearms       | 5 6 |  6.0
Invocations    | 8 9 |  9.0
Stealth        | 3 6 |  6.7

Action                   |  1- 3 |  4- 6 |  7- 9 | 10-12 || total
-------------------------+-------+-------+-------+-------++-------
Melee: Spear             |    36 |       |       |       ||    36
       Tailslap          |     6 |    14 |    50 |    33 ||   103
       Trident           |    36 |    77 |   424 |   289 ||   826
       Dagger            |    25 |       |       |       ||    25
       Unarmed           |       |       |       |     1 ||     1
Throw: Dart              |     3 |     2 |    10 |    18 ||    33
Invok: Depart the Abyss  |     1 |       |       |       ||     1
       Bend Space        |       |       |     1 |     1 ||     2
       Banish            |       |       |     1 |     4 ||     5
 Abil: Breathe Fire      |       |       |    19 |    28 ||    47
Evoke: Wand              |       |     1 |       |       ||     1
  Use: Scroll            |     1 |     1 |     4 |     8 ||    14
       Potion            |       |       |     2 |     1 ||     3
 Stab: Distracted        |       |       |     2 |       ||     2
Armor: Skin              |    31 |    18 |   124 |    82 ||   255
Dodge: Dodged            |    71 |    62 |   246 |   141 ||   520
Block: Kite shield       |       |       |   137 |   202 ||   339

Table legend: (Time is in decaauts)
 A = Elapsed time spent in this place.
 B = Non-inter-level travel time spent in this place.
 C = Inter-level travel time spent in this place.
 D = Time resting spent in this place.
 E = Time spent auto-exploring this place.
 F = Levels seen in this place.
 G = Mean time per level.
                   A        B        C        D        E       F      G
               +--------+--------+--------+--------+--------+-----+--------+
         Total |  15235 |  14626 |    609 |   6174 |   5094 |  11 | 1385.0 |
       Dungeon |  15183 |  14574 |    609 |   6174 |   5044 |  10 | 1518.3 |
         Abyss |     52 |     52 |      0 |      0 |     50 |   1 |   52.0 |
               +--------+--------+--------+--------+--------+-----+--------+

Top non-repeatable levels by time:
     D:7: 3845 daAuts
     D:8: 2149 daAuts
     D:9: 1514 daAuts
     D:5: 1372 daAuts
     D:3: 1372 daAuts
     D:6: 1201 daAuts
     D:4: 1031 daAuts
     D:1: 1024 daAuts
    D:10: 836 daAuts
     D:2: 834 daAuts
 Abyss:1: 52 daAuts
